 Dungeon Crawl Stone Soup version 0.28-a0-175-gb2089b6bb7 (webtiles) character file.

Game seed: 4447657011854092433

34 Arne the Gusty (level 3, -1/19 HPs)
             Began as a Tengu Air Elementalist on Aug 17, 2021.
             Slain by an adder (3 damage)
             ... on level 2 of the Dungeon.
             The game lasted 00:07:17 (671 turns).

Arne the Gusty (Tengu Air Elementalist)              Turns: 671, Time: 00:07:18

Health: -1/19      AC:  2    Str:  8    XL:     3   Next: 31%
Magic:  4/7        EV: 12    Int: 16    God:
Gold:   29         SH:  0    Dex: 14    Spells: 5/6 levels left

rFire   . . .      SeeInvis .   e - staff of earth
rCold   . . .      Faith    .   (no shield)
rNeg    . . .      Spirit   .   a - +0 robe
rPois   .          Reflect  .   (helmet restricted)
rElec   .          Harm     .   (no cloak)
rCorr   .          Rampage  .   (no gloves)
Will    .....                   (boots unavailable)
Stlth   ++........              (no amulet)
HPRegen 0.06/turn               (no ring)
MPRegen 0.10/turn               (no ring)

@: no status effects
A: beak, talons 3
a: no special abilities


You were on level 2 of the Dungeon.
You visited 1 branch of the dungeon, and saw 2 of its levels.

You collected 29 gold pieces.

Inventory:

Hand Weapons
 b - a +0 club
Armour
 a - a +0 robe (worn)
Magical Staves
 e - a staff of earth (weapon)
Scrolls
 c - 2 scrolls of identify {unknown}
 d - a scroll of magic mapping {unknown}
 f - a scroll of silence {unknown}
 g - a scroll of vulnerability {unknown}
Potions
 h - a potion of ambrosia {unknown}


   Skills:
 + Level 2.3 Dodging
 + Level 2.2 Stealth
 + Level 2.2 Spellcasting
 + Level 1.7 Conjurations
 + Level 5.1 Air Magic


You had 5 spell levels left.
You knew the following spells:

 Your Spells              Type           Power      Damage    Failure   Level
a - Shock                 Conj/Air       48%        1d6       4%          1

Your spell library contained the following spells:

 Spells                   Type           Power      Damage    Failure   Level
 Static Discharge         Conj/Air       12%        N/A       8%          2
 Swiftness                Air            18%        N/A       8%          3
 Animate Skeleton         Necr           2%         N/A       21%         1
 Apportation              Tloc           2%         N/A       21%         1
 Corona                   Hex            1%         N/A       21%         1
 Summon Small Mammal      Summ           4%         N/A       21%         1
 Airstrike                Air            9%         N/A       24%         4
 Inner Flame              Hex/Fire       1%         N/A       52%         3
 Cause Fear               Hex            0%         N/A       90%         4
 Discord                  Hex            0%         N/A       100%        8


Dungeon Overview and Level Annotations

Branches:
Dungeon (2/15)

Altars:


Innate Abilities, Weirdness & Mutations

You have a beak for a mouth.
You have claws for feet.


Message History

Casting: Shock (safe; 4% risk of failure)
Confirm with . or Enter, or press ? or * to list all spells.
Aiming: Shock (safe; 4% risk of failure)
Press: ? - help, Shift-Dir - straight line, f - adder
Aim: an adder (wandering, hasn't noticed you, 48% to hit)
The zap misses the adder.
The adder hisses angrily. x2
Casting: Shock (safe; 4% risk of failure)
Confirm with . or Enter, or press ? or * to list all spells.
Aiming: Shock (safe; 4% risk of failure)
Press: ? - help, Shift-Dir - straight line, f/p - adder
Aim: an adder (48% to hit)
The zap hits the adder.
The adder is heavily wounded.
The zap hits the adder.
The adder is moderately wounded.
The adder bites you.
You are poisoned.
The adder poisons you!
Casting: Shock (safe; 4% risk of failure)
Confirm with . or Enter, or press ? or * to list all spells.
Aiming: Shock (safe; 4% risk of failure)
Press: ? - help, Shift-Dir - straight line, f/p - adder
Aim: an adder (heavily wounded, 48% to hit)
The zap hits the adder.
The adder is heavily wounded.
The zap hits the adder.
The adder is heavily wounded.
You feel sick. The adder bites you. x2
* * * LOW HITPOINT WARNING * * *
You barely miss the adder.
The adder is heavily wounded.
* * * LOW HITPOINT WARNING * * *
You feel sick. The adder closely misses you. The adder misses you.
You closely miss the adder.
The adder is heavily wounded.
You feel sick.
You are no longer poisoned.
The adder misses you. The adder barely misses you. The adder bites you.
You die...

#.#.....#.# #
####.#..##.#.# #
#.......##.#.# #
#.##.........# #
..#####.####.###########
# ........##....#
#.....# #
........##....####.....#
#
........S..#.†.........#
#
........S@...#####.....#
.......###.### #.......#
..##### #.# #.####.## ..
#.#####.####.#
#....<....##.# ##
#######.#.##.###.
#.......##.#
#.......#.##
#.##)##..##.


You could see 2 adders.

Vanquished Creatures
  A worm (D:2)
  2 dart slugs (D:1)
  2 ball pythons (D:1)
  2 endoplasms
  3 giant cockroaches (D:1)
  4 hobgoblins
  A quokka (D:1)
  4 bats (D:1)
  A frilled lizard (D:1)
  A goblin (D:1)
  6 rats
27 creatures vanquished.

Vanquished Creatures (others)
  4 plants (D:2)
4 creatures vanquished.

Grand Total: 31 creatures vanquished

Notes
Turn   | Place    | Note
-------+----------+-------------------------------------------
     0 | D:1      | Arne the Tengu Air Elementalist began the quest for the
                  | Orb.
     0 | D:1      | Reached XP level 1. HP: 10/10 MP: 4/4
    98 | D:1      | Reached XP level 2. HP: 13/15 MP: 6/6
   276 | D:1      | Reached skill level 5 in Air Magic
   381 | D:1      | Reached XP level 3. HP: 19/19 MP: 4/7
   671 | D:2      | Slain by an adder

Illustrated notes

Levels and vault maps discovered:
D:1:      zaba_arrival_water, layout_rooms
D:2:      cheibrodos_old_hovel, layout_loops_cross

Skill      XL: |  1  2 |
---------------+-------+-----
Air Magic      | 5 |  5.1
Dodging        | |  2.3
Stealth        | |  2.2
Spellcasting   | |  2.2
Conjurations   | |  1.7

Action                   || total
-------------------------++-------
Melee: Club              ||     5
       Unarmed           ||     3
       Peck              ||     2
       Staff             ||    15
       Kick              ||     4
 Cast: Shock             ||    38
 Stab: Sleeping          ||     1
Armor: Robe              ||     6
Dodge: Dodged            ||    15

Table legend: (Time is in decaauts)
 A = Elapsed time spent in this place.
 B = Non-inter-level travel time spent in this place.
 C = Inter-level travel time spent in this place.
 D = Time resting spent in this place.
 E = Time spent auto-exploring this place.
 F = Levels seen in this place.
 G = Mean time per level.
                   A        B        C        D        E       F      G
               +--------+--------+--------+--------+--------+-----+--------+
         Total |    680 |    680 |      0 |     98 |      0 |   2 |  340.0 |
       Dungeon |    680 |    680 |      0 |     98 |      0 |   2 |  340.0 |
               +--------+--------+--------+--------+--------+-----+--------+

Top non-repeatable levels by time:
     D:1: 483 daAuts
     D:2: 196 daAuts
